details: 'Good vs UD'

« prev index next »

General information

Mini Map

Players

team 1
OrcGhocher (yellow | 77 APM | 1186 actions | 15:28)
Hero icon 4 Blademaster
Ability icon 2 Wind Walk
Ability icon 2 Critical Strike
Hero icon 4 Shadow Hunter
Ability icon 2 Healing Wave
Ability icon 2 Hex

» actions
Assign group hotkey19
Basic commands105
Build / train50
Enter build submenu16
Enter hero's abilities submenu8
Give item / drop item4
Remove unit from queue1
Right click385
Select / deselect270
Select group hotkey261
Use ability67
1186 total
» units
Peon7
Grunt5
Raider3
Wind Rider6
21 total
» upgrades
Berserker Strength1
Ensnare1
Envenomed Spears1
Ranged Weapons1
Pillage1
5 total
» buildings
Altar of Storms1
Orc Burrow7
Barracks1
Voodoo Lounge1
Stronghold1
Beastiary2
Fortress1
War Mill1
15 total
» build order
00:05 Altar of Storms
00:16 Orc Burrow
00:41 Barracks
01:26 Voodoo Lounge
02:02 Orc Burrow
03:27 Stronghold
04:57 Orc Burrow
05:16 Orc Burrow
05:52 Beastiary
05:53 Beastiary
09:09 Fortress
10:14 Orc Burrow
10:36 War Mill
12:39 Orc Burrow
12:41 Orc Burrow
» items
Healing Salve4
Lesser Clarity Potion5
Boots of Speed1
Staff of Teleportation1
11 total
team 2
Random» UndeadZerodin (orange | 32 APM | 499 actions | 15:27)
Hero icon 2 Lich
Ability icon 1 Frost Nova
Ability icon 1 Frost Armor
Hero icon 3 Dreadlord
Ability icon 2 Sleep
Ability icon 1 Carrion Swarm

» actions
Assign group hotkey47
Basic commands3
Build / train40
Enter build submenu12
Enter hero's abilities submenu5
Remove unit from queue1
Right click102
Select / deselect188
Select group hotkey62
Use ability39
499 total
» units
Acolyte2
Ghoul3
Crypt Fiend8
Obsidian Statue3
Gargoyle3
Abomination2
21 total
» upgrades
Web1
Destroyer Form1
Disease Cloud1
3 total
» buildings
Crypt1
Ziggurat6
Altar of Darkness1
Graveyard1
Nerubian Tower1
Tomb of Relics1
Spirit Tower1
Halls of the Dead1
Slaughterhouse2
Black Citadel1
16 total
» build order
00:19 Crypt
00:30 Ziggurat
00:39 Altar of Darkness
01:01 Graveyard
01:24 Nerubian Tower
01:39 Ziggurat
03:28 Tomb of Relics
03:42 Spirit Tower
03:58 Halls of the Dead
04:37 Spirit Tower
05:15 Ziggurat
05:19 Ziggurat
06:28 Slaughterhouse
09:05 Black Citadel
11:25 Ziggurat
12:12 Slaughterhouse
13:48 Ziggurat
» items
Rod of Necromancy1
Dust of Appearance1
Potion of Healing1
Scroll of Town Portal1
4 total